 Dungeon Crawl Stone Soup version 0.32-a0-468-g38b2580584 (webtiles) character file.

Game seed: 7994926444128617045

57 ezpacito the Trooper (level 3, -3/31 HPs)
             Began as a Demonspawn Chaos Knight on Feb 25, 2024.
             Was a Plaything of Xom.
             Slain by a hellwing (13 damage)
             ... summoned by Xom
             ... on level 4 of the Dungeon.
             The game lasted 00:02:14 (1883 turns).

ezpacito the Trooper (Demonspawn Chaos Knight)      Turns: 1883, Time: 00:02:15

Health: -3/31      AC:  5    Str: 13    XL:     3   Next: 73%
Magic:  4/4        EV: 11    Int: 11    God:    Xom [......]
Gold:   115        SH:  0    Dex: 16    Spells: 3/3 levels left

rFire   . . .        a - +0 hand axe (chaos)
rCold   . . .        (no shield)
rNeg    . . .        b - +2 leather armour
rPois   .            (no helmet)
rElec   .            (no cloak)
rCorr   .            (no gloves)
SInv    .            (no boots)
Will    .....        (no amulet)
Stlth   +            (no ring)
HPRegen 0.25/turn    (no ring)
MPRegen 0.09/turn

%: random rage (3%)
@: lethally poisoned (-3 -> -4), on berserk cooldown
A: ignite blood 1, agile 1, berserk 1, robust 1
a: Renounce Religion


You were on level 4 of the Dungeon.
You worshipped Xom.
You were a very special plaything of Xom.
You visited 1 branch of the dungeon, and saw 4 of its levels.

You collected 156 gold pieces.
You spent 41 gold pieces at shops.

Inventory:

Hand Weapons
 a - a +0 hand axe of chaos (weapon)
 h - a +0 battleaxe
Missiles
 f - 6 curare-tipped darts (quivered)
Armour
 b - a +2 leather armour (worn)
Talismans
 d - a blade talisman
 e - a beast talisman
Scrolls
 c - a scroll of butterflies
 i - a scroll of teleportation
 k - a scroll of enchant weapon
 m - a scroll of amnesia {unknown}
 n - a scroll of immolation {unknown}
Potions
 g - a potion of curing
 j - 2 potions of might
 l - a potion of brilliance
 o - a potion of invisibility


   Skills:
 * Level 3.1 Fighting
 * Level 3.0 Axes
 + Level 0.3(1.9) Polearms
 * Level 2.2 Armour
 * Level 1.3 Dodging
 + Level 0.7 Stealth
 * Level 1.0 Unarmed Combat
 * Level 0.7 Spellcasting


You had 3 spell levels left.
You didn't know any spells.
Your spell library contained the following spells:

 Spells                   Type           Power      Damage    Failure   Level
 Ensorcelled Hibernation  Hex/Ice        0%         N/A       54%         2
 Fugue of the Fallen      Necr           0%         N/A       77%         3
 Anguish                  Hex/Necr       0%         N/A       99%         4


Dungeon Overview and Level Annotations

Branches:
Dungeon (4/15)
 Temple: D:4-7

Altars:

Shops:
D:1 *   D:3 (


Innate Abilities, Weirdness & Mutations

Your demonic aura sometimes causes spilled blood to erupt in flames.
You are agile. (Dex +4, Str/Int -1)
You sometimes lose your temper in combat.
You are robust. (+10% HP)


Message History

You freeze the giant cockroach.
You kill the giant cockroach!
No target in view!
No target in view!
No target in view!
Calm down first, please.
Calm down first, please.
You feel a strong urge to attack something.
You feel your anger nearly subside.
Found a robe.
You are no longer berserk.
You are exhausted.
You feel yourself slow down.
Found 9 gold pieces.
p - a scroll of identify
There are no items here.
As you read the scroll of identify, it crumbles to dust.
o - a potion of invisibility You now have 111 gold pieces (gained 9).
You now have 115 gold pieces (gained 4).
A kobold comes into view.
It is wielding a +0 club and quivering poisoned darts.
The kobold shouts!
The kobold throws a poisoned dart.
The poisoned dart hits you!
You are poisoned.
You feel very sick.
You feel sick. "Let's see if it's strong enough to survive yet."
You hit the hellwing.
The hellwing is duplicated!
The hellwing is lightly wounded.
You closely miss the kobold. You closely miss the white imp.
You feel yourself speed up.
You feel sick. The kobold barely misses you. The hellwing closely misses you.
The hellwing hits you. The white imp barely misses you.
You hit the hellwing.
The hellwing is lightly wounded.
You hit the hellwing but do no damage. You barely miss the white imp.
You hit the kobold.
The kobold is poisoned.
You feel sick.
You kill the kobold!
The hellwing closely misses you. The hellwing hits you! x2
You die...

.. ....# .##
##....## ..##......#
..#......# ........#
.......#
#.##########).....##
.........##5@.......
##+#####.##.44....##
#........##.......#
#...........#+#####
#........##.#
..........##[#
..#........#.# # .
####..##.#.#.#
####..##.#.#.#.###


You could see 2 hellwings and a white imp (summoned).

Vanquished Creatures
  An adder (D:3)
  4 orcs (D:3)
  2 ball pythons
  5 endoplasms
  A giant cockroach (D:4)
  5 goblins
  2 hobgoblins
  7 kobolds
  2 quokkas (D:2)
  2 bats (D:3)
  4 frilled lizards
  9 rats
44 creatures vanquished.

Notes
Turn   | Place    | Note
-------+----------+-------------------------------------------
     0 | D:1      | ezpacito the Demonspawn Chaos Knight began the quest for
                  | the Orb.
     0 | D:1      | Reached XP level 1. HP: 18/18 MP: 1/1
     9 | D:1      | Found Difu's Assorted Antiques.
    52 | D:1      | Reached skill level 1 in Dodging
   355 | D:1      | Found a faded altar of an unknown god.
   364 | D:1      | Gained mutation: Your demonic aura sometimes causes spilled
                  | blood to erupt in flames. [demonic ancestry]
   364 | D:1      | Reached XP level 2. HP: 24/24 MP: 2/2
   395 | D:1      | XOM: silly message
   650 | D:1      | Bought a glowing purple potion for 19 gold pieces
   650 | D:1      | Bought a scroll labelled VYPSAY INEYL for 22 gold pieces
   717 | D:2      | XOM: scenery: 1 doors open
  1045 | D:2      | Reached XP level 3. HP: 29/29 MP: 3/3
  1118 | D:3      | Found Azehoz's Antique Weapon Shop.
  1140 | D:3      | Reached skill level 1 in Unarmed Combat
  1242 | D:3      | XOM: give mutation
  1242 | D:3      | Gained mutation: You sometimes lose your temper in combat.
                  | [Xom's mischief]
  1246 | D:3      | XOM: 4-stop teleportation journey
  1780 | D:3      | XOM: give mutations
  1780 | D:3      | Gained mutation: You are agile. (Dex +4, Str/Int -1) [Xom's
                  | mischief]
  1780 | D:3      | Gained mutation: You are robust. (+10% HP) [Xom's mischief]
  1780 | D:3      | Gained mutation: Your spells are a little easier to cast,
                  | but a little less powerful. [Xom's mischief]
  1780 | D:3      | Lost mutation: Your spells are a little easier to cast, but
                  | a little less powerful. [Xom's mischief]
  1881 | D:4      | XOM: summons 2 hostile demons
  1882 | D:4      | Noticed a hellwing
  1883 | D:4      | Slain by a hellwing

Illustrated notes

Levels and vault maps discovered:
D:1:      nzn_arrival_water_spiral, layout_basic, ebering_ecumenical_altar_box,
          serial_shops, shop, reono_crystal_passage
D:2:      layout_basic
D:3:      layout_basic, serial_shops, nicolae_shop_gibbet_a_chance
D:4:      layout_basic

Skill      XL: |  1  2  3 |
---------------+----------+-----
Dodging        | 1 |  1.3
Armour         | 2 |  2.2
Unarmed Combat | 1 |  1.0
Axes           | 3 |  3.0
Fighting       | |  3.1
Polearms       | |  0.3
Stealth        | |  0.7
Spellcasting   | |  0.7

Action                     || total
---------------------------++-------
  Melee: Hand axe          ||   108
    Use: Scroll            ||     7
 Armour: Leather armour    ||    66
  Dodge: Dodged            ||    57

Table legend: (Time is in decaauts)
 A = Elapsed time spent in this place.
 B = Non-inter-level travel time spent in this place.
 C = Inter-level travel time spent in this place.
 D = Time resting spent in this place.
 E = Time spent auto-exploring this place.
 F = Levels seen in this place.
 G = Mean time per level.
                   A        B        C        D        E       F      G
               +--------+--------+--------+--------+--------+-----+--------+
         Total |   1924 |   1842 |     82 |      0 |   1495 |   4 |  481.0 |
       Dungeon |   1924 |   1842 |     82 |      0 |   1495 |   4 |  481.0 |
               +--------+--------+--------+--------+--------+-----+--------+

Top non-repeatable levels by time:
     D:3: 725 daAuts
     D:1: 671 daAuts
     D:2: 455 daAuts
     D:4: 73 daAuts
